 Dungeon Crawl Stone Soup version 0.28.0-1-gb440e238dd (webtiles) character file.

Game seed: 5575044527291621017

50031 DrunkBamboolord the Stormcaller (level 14, -2/68 HPs)
             Began as a Tengu Air Elementalist on Feb 27, 2022.
             Was a High Priest of Vehumet.
             Slain by an orc (3 damage)
             ... led by an orc knight
             ... while paralysed by an ogre mage
             ... on level 1 of the Orcish Mines.
             The game lasted 00:56:10 (21230 turns).

DrunkBamboolord the Stormcaller (TeAE)             Turns: 21230, Time: 00:56:10

Health: -2/68      AC:  8    Str:  6    XL:     14   Next: 53%
Magic:  37/42      EV:  2    Int: 19    God:    Vehumet [*****.]
Gold:   2291       SH:  0    Dex: 14    Spells: 4/41 levels left

rFire   . . .      SeeInvis +   A - +9 trident "Yleiruxe" {elec, Stlth+}
rCold   . . .      Faith    .   (no shield)
rNeg    + + .      Spirit   .   z - +2 robe {Archmagi}
rPois   +          Reflect  .   c - +2 hat
rElec   .          Harm     .   y - +0 cloak
rCorr   .          Rampage  .   t - +0 pair of gloves {hurl}
Will    +....      Archmagi +   (boots unavailable)
Stlth   +++.......              a - amulet of magic regeneration
HPRegen 0.21/turn               b - ring "Feoguoha" {rPois rN++ MP+9 Str-5 SInv}
MPRegen 0.68/turn               C - ring of wizardry

@: paralysed, flying quickly and evasively, quick
A: beak, talons 3, nimble flight
a: Renounce Religion


You were on level 1 of the Orcish Mines.
You worshipped Vehumet.
Vehumet was extremely pleased with you.
You visited 4 branches of the dungeon, and saw 19 of its levels.

You collected 2291 gold pieces.

Inventory:

Hand Weapons
 A - the +9 trident "Yleiruxe" (weapon) {elec, Stlth+}
   (You took it off an orc wizard on level 6 of the Dungeon)

   It occasionally discharges a powerful burst of electricity upon striking a
   foe.
   Stlth:     It makes you more stealthy.
Missiles
 m - 6 boomerangs of dispersal
Armour
 c - a +2 hat (worn)
 t - a +0 pair of gloves of hurling (worn)
 y - a +0 cloak (worn)
 z - a +2 robe of the Archmagi (worn)
Jewellery
 a - an amulet of magic regeneration (around neck)
 b - the ring "Feoguoha" (left hand) {rPois rN++ MP+9 Str-5 SInv}
   (You found it on level 3 of the Dungeon)

   [ring of magical power]

   Str:       It affects your strength (-5).
   rPois:     It protects you from poison.
   rN:        It greatly protects you from negative energy.
   MP:        It affects your magic capacity (+9).
   SInv:      It lets you see invisible.
 x - a ring of resist corrosion
 C - a ring of wizardry (right hand)
 G - a ring of protection from cold
 K - an amulet of regeneration
 M - an amulet of reflection
Wands
 l - a wand of mindburst (35)
 q - a wand of flame (29)
 u - a wand of acid (9)
 F - a wand of polymorph (5)
 L - a wand of iceblast (2)
 N - a wand of charming (3)
 Q - a wand of paralysis (5)
Scrolls
 e - 2 scrolls of torment
 g - a scroll of silence
 h - a scroll of blinking
 i - 4 scrolls of fear
 j - 2 scrolls of fog
 n - a scroll of enchant armour {unknown}
 p - 3 scrolls of amnesia
 s - 4 scrolls of vulnerability
 v - a scroll of brand weapon {unknown}
 B - a scroll of acquirement
 E - 9 scrolls of teleportation
 O - 2 scrolls of noise
 R - a scroll of identify
Potions
 d - 4 potions of brilliance
 f - 5 potions of curing
 k - a potion of invisibility {unknown}
 o - 2 potions of flight {unknown}
 r - a potion of haste {unknown}
 w - 3 potions of heal wounds
 D - 2 potions of mutation {unknown}
 H - 2 potions of attraction {unknown}
 I - a potion of magic {unknown}
 J - a potion of berserk rage {unknown}
 P - a potion of ambrosia {unknown}


   Skills:
 * Level 9.7 Dodging
 + Level 3.0 Stealth
 * Level 14.0 Spellcasting
 * Level 11.5 Conjurations
 * Level 7.3 Fire Magic
 * Level 18.7 Air Magic


You had 4 spell levels left.
You knew the following spells:

 Your Spells              Type           Power      Damage    Failure   Level
a - Shock                 Conj/Air       100%       1d9       0%          1
b - Static Discharge      Conj/Air       82%        N/A       0%          2
c - Airstrike             Air            45%        N/A       0%          4
d - Swiftness             Air            91%        N/A       0%          3
e - Fireball              Conj/Fire      32%        3d14      1%          5
f - Freezing Cloud        Conj/Ice/Air   33%        6-21      1%          5
g - Lightning Bolt        Conj/Air       41%        1d60      1%          5
h - Conjure Ball Lightni  Conj/Air       41%        3x3d13    1%          6
i - Starburst             Conj/Fire      32%        6d10      1%          6

Your spell library contained the following spells:

 Spells                   Type           Power      Damage    Failure   Level
 Hailstorm                Conj/Ice       51%        3d11      1%          4
 Ozocubu's Armour         Ice            19%        N/A       6%          3
 Tukima's Dance           Hex            19%        N/A       6%          3
 Ice Form                 Ice/Tmut       19%        N/A       19%         4
 Passage of Golubria      Tloc           19%        N/A       19%         4
 Yara's Violent Unravell  Hex/Tmut       9%         3d6       14%         5
 Summon Forest            Summ/Tloc      9%         N/A       45%         5
 Summon Mana Viper        Hex/Summ       19%        N/A       45%         5
 Ignition                 Fire           28%        3d9       77%         8
 Simulacrum               Ice/Necr       9%         N/A       95%         6
 Summon Cactus Giant      Summ           9%         N/A       95%         6
 Ozocubu's Refrigeration  Ice            9%         4d6       95%         7


Dungeon Overview and Level Annotations

Branches:
Dungeon (11/15)            Temple (1/1) D:4            Lair (6/6) D:11
 Shoals (0/4) Lair:3       Spider (0/4) Lair:3        Slime (0/5) Lair:5
    Orc (1/2) D:9

Altars:
Ashenzari
Cheibriados
Dithmenos
Elyvilon
Fedhas
Gozag
Hepliaklqana
Kikubaaqudgha
Makhleb
Nemelex Xobeh
Okawaru
Qazlal
Ru
Sif Muna
Trog
Uskayaw
Vehumet
Wu Jian
Xom
Yredelemnul
Zin
The Shining One
Jiyva

Annotations:
Lair:1 2 transporters, Imnulubo's ghost, novice TeFE
Lair:6 2 runed translucent doors


Innate Abilities, Weirdness & Mutations

You have a beak for a mouth.
You have claws for feet.
Your magical nature lets you fly swiftly and evasively.


Message History

You kill the orc warrior!
Vehumet accepts your kill.
You feel your power returning.
The bolt of fire hits the orc!!
You kill the orc!
Vehumet accepts your kill.
You feel your power returning.
Unknown command.
Casting: Starburst (dangerous; 1% risk of failure)
Confirm with . or Enter, or press ? or * to list all spells.
Casting: Starburst (dangerous; 1% risk of failure)
Press: ? - help, Dir - look around, f - activate You feel a surge of power!
The bolt of fire hits the ogre mage!!
The ogre mage is severely wounded.
Unknown command.
You reach to attack!
You closely miss the ogre mage.
The ogre mage is severely wounded.
You barely miss the ogre mage.
You claw the ogre mage, but do no damage.
The ogre mage is severely wounded.
The orc closely misses you. The ogre mage barely misses you.
The orc closely misses you.
You barely miss the ogre mage. You claw the ogre mage. You peck the ogre mage.
The ogre mage is severely wounded.
The ogre mage completely misses you. The orc closely misses you.
The ogre mage closely misses you.
You puncture the ogre mage!
The ogre mage is almost dead.
The orc barely misses you.
The ogre mage points at you and mumbles some strange words.
You suddenly lose the ability to move!
The orc hits you with a +0 flail. The ogre mage hits you with a +0 club.
The orc hits you with a +0 flail. The ogre mage casts a spell at you.
The bolt of magma hits you!! The orc hits you with a +0 flail.
The ogre mage gestures at you while chanting.
The bolt of magma hits you!!
* * * LOW HITPOINT WARNING * * *
The orc hits you with a +0 flail.
You die...

............$$.
...............
...............
...............
...........#...
............#
.......))...##
...).)o@>)...#
......O........
...............
##.............
#.............
..........#....
.........###...
........## #..


You could see an ogre mage (invisible) and an orc.

Vanquished Creatures
  Rupert (Lair:3)
  Snorg (Lair:3)
  5 hydras
  A boulder beetle (Lair:3)
  Erica (D:8)
  5 two-headed ogres
  5 death yaks
  2 lindwurms
  2 merfolk sirens (Lair:3)
  13 elephants
  9 black mambas
  A gargoyle (D:11)
  2 molten gargoyles (Lair:6)
  2 torpor snails
  16 cane toads
  4 rime drakes
  10 komodo dragons
  3 polar bears
  2 trolls
  A merfolk (Lair:3)
  11 blink frogs
  A hornet (D:9)
  4 dream sheep (Lair:5)
  Prince Ribbit (D:8)
  38 yaks
  4 wyverns
  Grum (D:10)
  4 steam dragons
  3 wargs (D:9)
  3 hell hounds (Lair:6)
  Duvessa (D:6)
  An acid dragon (D:9)
  10 water moccasins
  4 orc warriors
  2 sky beasts
  A necrophage (D:7)
  4 black bears
  6 ogres
  10 wolves
  An ice beast (D:6)
  6 centaurs
  A kobold brigand (D:7)
  14 bullfrogs
  A gnoll sergeant (D:9)
  A wyvern zombie (D:7)
  3 water moccasin zombies
  A wyvern skeleton (D:7)
  Dowan (D:6)
  10 killer bees
  8 wights
  A howler monkey (D:5)
  An electric eel (Lair:3)
  5 lava snakes (Lair:6)
  6 centaur zombies
  2 hounds
  2 jellies
  11 orc priests
  An iguana (D:7)
  Terence (D:3)
  A centaur skeleton (D:7)
  11 orc wizards
  A scorpion zombie (D:4)
  A killer bee zombie (D:8)
  A human simulacrum (D:11)
  2 hound zombies (D:4)
  A hound skeleton (D:4)
  3 adders
  A shadow imp (D:7)
  3 white imps
  An adder skeleton (D:5)
  3 worms
  A dart slug (D:3)
  43 orcs
  3 ball pythons
  10 endoplasms
  A giant cockroach (D:4)
  8 goblins
  6 hobgoblins
  5 kobolds
  4 quokkas
  3 bats
  6 rats
  A spectral orc (D:5)
392 creatures vanquished.

Vanquished Creatures (others)
  6 ball lightnings (Lair:6)
  22 fungi
  54 plants
82 creatures vanquished.

Grand Total: 474 creatures vanquished

Notes
Turn   | Place    | Note
-------+----------+-------------------------------------------
     0 | D:1      | DrunkBamboolord the Tengu Air Elementalist began the quest
                  | for the Orb.
     0 | D:1      | Reached XP level 1. HP: 10/10 MP: 4/4
   320 | D:1      | Found a faded altar of an unknown god.
   647 | D:1      | Reached XP level 2. HP: 15/15 MP: 3/6
   836 | D:1      | Learned a level 2 spell: Static Discharge
   874 | D:1      | Identified a scroll of acquirement
   876 | D:1      | Acquired 1203 gold pieces
  1501 | D:2      | Reached XP level 3. HP: 19/19 MP: 2/7
  1953 | D:3      | Reached skill level 5 in Air Magic
  2018 | D:3      | Reached XP level 4. HP: 24/24 MP: 1/8
  2085 | D:3      | Learned a level 4 spell: Airstrike
  2244 | D:3      | Found a broken altar of Ashenzari.
  2518 | D:3      | Noticed Terence
  2527 | D:3      | Killed Terence
  2528 | D:3      | Gained mutation: Your magical nature lets you fly swiftly
                  | and evasively. [Tengu growth]
  2528 | D:3      | Reached XP level 5. HP: 28/28 MP: 1/10
  2914 | D:3      | Identified the ring "Feoguoha" {rPois rN++ MP+9 Str-5 SInv}
  3443 | D:3      | Learned a level 3 spell: Swiftness
  3520 | D:4      | You are sucked into a shaft and drop 1 floor!
  3520 | D:5      | Entered Level 5 of the Dungeon
  3531 | D:5      | Reached skill level 6 in Air Magic
  3717 | D:4      | Found a staircase to the Ecumenical Temple.
  3726 | Temple   | Entered the Ecumenical Temple
  3746 | Temple   | Became a worshipper of Vehumet
  4017 | D:4      | Found a burning altar of Makhleb.
  4031 | D:4      | Noticed an Executioner
  4034 | D:4      | Noticed a smoke demon
  4034 | D:4      | Noticed a ynoxinul
  4220 | D:4      | Reached XP level 6. HP: 25/32 MP: 12/12
  4973 | D:4      | Found a basalt altar of Yredelemnul.
  5017 | D:4      | Reached skill level 7 in Air Magic
  5017 | D:4      | Reached XP level 7. HP: 36/36 MP: 13/13
  5446 | D:5      | Found a shimmering altar of Xom.
  5469 | D:5      | Found a hazy altar of Hepliaklqana.
  5538 | D:5      | Reached skill level 5 in Conjurations
  5664 | D:5      | Reached skill level 8 in Air Magic
  6171 | D:6      | Noticed Dowan
  6176 | D:6      | Noticed Duvessa
  6481 | D:5      | Reached XP level 8. HP: 7/41 MP: 11/16
  6974 | D:6      | Reached skill level 5 in Spellcasting
  7122 | D:6      | Killed Duvessa
  7330 | D:6      | Killed Dowan
  7331 | D:6      | Reached skill level 9 in Air Magic
  7476 | D:6      | Identified the +9 trident "Yleiruxe" {elec, Stlth+}
  7478 | D:6      | Found a sacrificial altar of Ru.
  7914 | D:7      | Reached XP level 9. HP: 38/45 MP: 12/19
  7927 | D:7      | Reached skill level 10 in Air Magic
  8026 | D:7      | Reached * piety under Vehumet
  8026 | D:7      | Offered knowledge of Magic Dart by Vehumet.
  8317 | D:7      | Reached skill level 11 in Air Magic
  8392 | D:7      | Reached skill level 5 in Dodging
  8771 | D:8      | Found a glowing silver altar of Zin.
  9196 | D:8      | Noticed Erica
  9204 | D:8      | Killed Erica
  9205 | D:8      | Reached skill level 12 in Air Magic
  9205 | D:8      | Reached XP level 10. HP: 50/50 MP: 16/22
  9343 | D:8      | Reached ** piety under Vehumet
  9388 | D:8      | Found a sparkling altar of Nemelex Xobeh.
  9523 | D:8      | Learned a level 5 spell: Fireball
  9540 | D:8      | Noticed Prince Ribbit
  9542 | D:8      | Killed Prince Ribbit
  9542 | D:8      | Offered knowledge of Scorch by Vehumet.
  9575 | D:8      | Reached skill level 1 in Fire Magic
  9735 | D:8      | Noticed a two-headed ogre
  9738 | D:8      | Killed a two-headed ogre
  9966 | D:9      | Found a staircase to the Orcish Mines.
 10050 | D:9      | Reached skill level 13 in Air Magic
 10178 | D:9      | Offered knowledge of Mephitic Cloud by Vehumet.
 10620 | D:10     | Entered Level 10 of the Dungeon
 10770 | D:10     | Reached XP level 11. HP: 54/54 MP: 24/24
 10971 | D:10     | Found a hide-covered altar of Uskayaw.
 11049 | D:10     | Noticed Grum
 11056 | D:10     | Killed Grum
 11768 | D:11     | Found a staircase to the Lair.
 12027 | Lair:1   | Entered Level 1 of the Lair of Beasts
 12051 | Lair:1   | Reached *** piety under Vehumet
 12052 | Lair:1   | Reached skill level 14 in Air Magic
 12147 | Lair:1   | Found a transporter.
 12148 | Lair:1   | Found a transporter.
 12413 | Lair:1   | Reached skill level 10 in Spellcasting
 12557 | Lair:1   | Offered knowledge of Sticky Flame by Vehumet.
 12706 | Lair:1   | Noticed Imnulubo's ghost (novice TeFE)
 13396 | Lair:2   | Reached XP level 12. HP: 59/59 MP: 22/27
 13397 | Lair:2   | Reached skill level 15 in Air Magic
 13680 | Lair:2   | Reached **** piety under Vehumet
 13775 | Lair:2   | Noticed a five-headed hydra
 13852 | Lair:2   | Killed a five-headed hydra
 14381 | Lair:3   | Noticed Rupert
 14390 | Lair:3   | Killed Rupert
 14391 | Lair:3   | Reached skill level 5 in Fire Magic
 14535 | Lair:3   | Offered knowledge of Freezing Cloud by Vehumet.
 14542 | Lair:3   | Learned a level 5 spell: Freezing Cloud
 14642 | Lair:3   | Reached skill level 16 in Air Magic
 14814 | Lair:3   | Noticed a death yak
 14817 | Lair:3   | Noticed a death yak
 14842 | Lair:3   | Killed a death yak
 14847 | Lair:3   | Killed a death yak
 14848 | Lair:3   | Reached skill level 10 in Conjurations
 14994 | Lair:3   | Noticed an eight-headed hydra
 15314 | Orc:1    | Entered Level 1 of the Orcish Mines
 15314 | Orc:1    | Noticed an ogre mage
 15314 | Orc:1    | Noticed a two-headed ogre
 15314 | Orc:1    | Noticed a two-headed ogre
 15314 | Orc:1    | Noticed a two-headed ogre
 15445 | D:11     | Noticed a two-headed ogre
 15448 | D:11     | Killed a two-headed ogre
 15499 | D:11     | Reached XP level 13. HP: 63/63 MP: 29/29
 15807 | Lair:3   | Found a staircase to the Shoals.
 15857 | Lair:3   | Reached ***** piety under Vehumet
 15974 | Lair:3   | Noticed Snorg
 15990 | Lair:3   | Killed Snorg
 15991 | Lair:3   | Reached skill level 17 in Air Magic
 16041 | Lair:3   | Offered knowledge of Lightning Bolt by Vehumet.
 16051 | Lair:3   | Learned a level 5 spell: Lightning Bolt
 16206 | Lair:3   | Found a hole to the Spider Nest.
 18399 | Lair:5   | Found a viscous altar of Jiyva.
 18400 | Lair:5   | Found a staircase to the Slime Pits.
 18756 | Lair:5   | Offered knowledge of Conjure Ball Lightning by Vehumet.
 18764 | Lair:5   | Learned a level 6 spell: Conjure Ball Lightning
 18805 | Lair:5   | Reached skill level 18 in Air Magic
 18812 | Lair:5   | Reached XP level 14. HP: 68/68 MP: 30/32
 19079 | Lair:6   | Entered Level 6 of the Lair of Beasts
 19100 | Lair:6   | HP: 2/68 [rime drake/flash freeze (18)]
 19888 | Lair:6   | Found a large runed translucent door.
 19888 | Lair:6   | Found a large runed translucent door.
 21102 | D:9      | Learned a level 6 spell: Starburst
 21226 | Orc:1    | Paralysed by an ogre mage for 7 turns
 21229 | Orc:1    | HP: 1/68 [ogre mage/bolt of magma (26)]
 21230 | Orc:1    | Slain by an orc

Illustrated notes

Levels and vault maps discovered:
D:1:      amcnicky_arrival_wind_blow, layout_basic,
          hellmonk_ecumenical_altar_arch_garden, minmay_octomino_c4
D:2:      layout_rooms, chequers_serial_rivers_micro_a, hex_intersection
D:3:      layout_basic, evilmike_ruin_ashenzari, serial_bayou,
          serial_bayou_lagoon_b, serial_bayou_pond_d, serial_bayou_lagoon_a,
          serial_bayou_pond_c, uniq_terence
D:4:      layout_gridville, nicolae_yredelemnul_corpse_copse,
          makhleb_altar_promises_db, minmay_temple_entry_hall
D:5:      layout_basic, nicolae_hepliaklqana_monster_ancestors,
          mainiacjoe_overflow_concentric_impassable
D:6:      layout_loops_ring, lemuel_tele_altar, uniq_duvessa
D:7:      layout_basic, minmay_bent
D:8:      layout_loops_corners, mainiacjoe_overflow_boulevard,
          lemuel_crystal_altar, uniq_prince_ribbit1, uniq_erica
D:9:      layout_roguey, erik_orc_4, minmay_between
D:10:     layout_stronghold, mainiacjoe_overflow_24_doors, uniq_grum
D:11:     layout_rooms, lair_entry_dummy, bh_circular_ruins
Temple:   oiseaux_autumnal_temple
Lair:1:   layout_chaotic_city, nzn_ghost_randoct, lemuel_fruit_fields
Lair:2:   layout_regular_city
Lair:3:   nzn_winding_woodlands_medium [nzn_winding_woodlands_5x5_cross,
          nzn_winding_woodlands_5x15_sidewinder,
          nzn_winding_woodlands_hourglass, nzn_winding_woodlands_5x5_three,
          nzn_winding_woodlands_center_pierced_h,
          nzn_winding_woodlands_5x5_closed_star,
          nzn_winding_woodlands_5x5_perimeter,
          nzn_winding_woodlands_5x15_pathside_ponds,
          nzn_winding_woodlands_5x5_default], layout_regular_city,
          elwin_shoals_entry_rooms, dummy_spider_entry, uniq_snorg, uniq_rupert
Lair:4:   layout_layer_cave
Lair:5:   layout_regular_city, dpeg_slime_entry_enclosed_altar,
          serial_bayou_shore_b
Lair:6:   cheibrodos_lair_end_hotspot, layout_gridlike
Orc:1:    layout_caves

Skill      XL: |  1  2  3  4  5  6  7  8  9 10 11 12 13 14 |
---------------+-------------------------------------------+-----
Conjurations   | 2 3 4 5 6 7 9 10 11 | 11.5
Air Magic      | 5 6 7 8 9 12 13 14 16 18 | 18.7
Spellcasting   | 3 4 6 7 8 10 11 13 14 | 14.0
Dodging        | 3 4 5 6 7 8 9 |  9.7
Fire Magic     | 2 4 5 6 7 |  7.3
Stealth        | 3 |  3.0

Action                   |  1- 3 |  4- 6 |  7- 9 | 10-12 | 13-15 || total
-------------------------+-------+-------+-------+-------+-------++-------
Melee: Unarmed           |     3 |     2 |     2 |       |       ||     7
       Kick              |     2 |     1 |     1 |    15 |     6 ||    25
       Peck              |     1 |       |     1 |     9 |     2 ||    13
       Trident           |       |       |     4 |    47 |    13 ||    64
 Cast: Shock             |    60 |   121 |    56 |     5 |       ||   242
       Static Discharge  |       |    14 |    11 |     1 |     1 ||    27
       Airstrike         |       |     5 |    89 |   259 |   141 ||   494
       Fireball          |       |       |       |    25 |    48 ||    73
       Swiftness         |       |       |       |     3 |     1 ||     4
       Freezing Cloud    |       |       |       |     1 |    21 ||    22
       Lightning Bolt    |       |       |       |       |    21 ||    21
       Starburst         |       |       |       |       |     3 ||     3
       Conjure Ball Ligh |       |       |       |       |     2 ||     2
  Use: Scroll            |     3 |     2 |     4 |     6 |     3 ||    18
       Potion            |       |       |       |       |     1 ||     1
 Stab: Sleeping          |       |       |       |     2 |       ||     2
Armor: Robe              |     1 |     4 |     5 |    33 |     7 ||    50
Dodge: Dodged            |     5 |    19 |    25 |   121 |    59 ||   229
